 Dungeon Crawl Stone Soup version 0.31-a0-981-geadf994542 (webtiles) character file.

Game seed: 13257665511072316042

284 sokol815 the Poker (level 6, -4/42 HPs)
             Began as an Octopode Fighter on Nov 1, 2023.
             Slain by a gnoll
             ... wielding a +0 halberd
              (9 damage)
             ... on level 4 of the Dungeon.
             The game lasted 00:06:13 (2827 turns).

sokol815 the Poker (Octopode Fighter)               Turns: 2827, Time: 00:06:14

Health: -4/42      AC:  1    Str: 15    XL:     6   Next: 29%
Magic:  6/6        EV: 28    Int: 11    God:
Gold:   243        SH:  4    Dex: 13    Spells: 5/5 levels left

rFire   . . .        a - +0 trident
rCold   . . .        b - +0 buckler
rNeg    . . .        (helmet restricted)
rPois   .            d - amulet of the acrobat
rElec   .            X - ring of resist corrosion
rCorr   +            (no ring)
SInv    .            (no ring)
Will    .....        (no ring)
Stlth   ++           (no ring)
HPRegen 0.27/turn    (no ring)
MPRegen 0.10/turn    (no ring)
                     (no ring)

%: acrobat
@: acrobatic
A: almost no armour, amphibious, 8 rings, camouflage 1, gelatinous body 1,
(nimble swimmer 1), tentacles
a: no special abilities


You were on level 4 of the Dungeon.
You visited 1 branch of the dungeon, and saw 4 of its levels.

You collected 243 gold pieces.

Inventory:

Hand Weapons
 a - a +0 trident (weapon)
 e - a +2 dagger of speed
   (You took it off a kobold on level 1 of the Dungeon)
 h - a +1 falchion of electrocution
   (You found it on level 1 of the Dungeon)
 k - a +0 spear
   (You found it on level 2 of the Dungeon)
 l - a +0 morningstar
   (You found it on level 2 of the Dungeon)
 m - a +5 dagger
   (You took it off a goblin on level 2 of the Dungeon)
 v - a +2 antimagic halberd
   (You took it off a gnoll on level 4 of the Dungeon)
Missiles
 g - 12 poisoned darts
 r - 6 boomerangs
 s - 45 stones
Armour
 b - a +0 buckler (worn)
Jewellery
 c - an amulet of guardian spirit
   (You found it on level 3 of the Dungeon)
 d - an amulet of the acrobat (around mantle)
   (You found it on level 1 of the Dungeon)
 X - a ring of resist corrosion (left tentacle)
   (You found it on level 4 of the Dungeon)
Scrolls
 j - a scroll of vulnerability {unknown}
 n - 3 scrolls of teleportation {unknown}
 o - a scroll of torment {!r}
 p - a scroll of fog {unknown}
 q - a scroll of poison {!r}
 t - a scroll of amnesia {unknown}
 D - a scroll of blinking {!r}
 E - a scroll of fear
 O - a scroll of silence
Potions
 f - a potion of ambrosia {unknown}
 i - a potion of magic {unknown}
 w - a potion of enlightenment {unknown}
 B - a potion of brilliance
 J - a potion of curing {@q1}
 M - 2 potions of might
 U - a potion of mutation {!q}


   Skills:
 - Level 3.0 Fighting
 + Level 6.4 Polearms
 - Level 3.0 Dodging
 - Level 3.0 Shields


You had 5 spell levels left.
You didn't know any spells.
Your spell library contained the following spells:

 Spells                   Type           Power      Damage    Failure   Level
 Apportation              Tloc           0%         N/A       43%         1
 Jinxbite                 Hex            0%         N/A       56%         2
 Passage of Golubria      Tloc           0%         N/A       99%         4
 Alistair's Intoxication  Tmut/Pois      0%         N/A       100%        5
 Silence                  Hex/Air        0%         N/A       100%        5
 Lehudib's Crystal Spear  Conj/Erth      0%         10d2      100%        8


Dungeon Overview and Level Annotations

Branches:
Dungeon (4/15) Zot: 21145
 Temple: D:4-7

Altars:

Shops:
D:2 :   D:4 [

Annotations:
D:4 Edmund


Innate Abilities, Weirdness & Mutations

You cannot wear most types of armour.
You are amphibious.
You can wear up to eight rings at the same time.
Your skin changes colour to match your surroundings (Stealth+).
Your rubbery body absorbs attacks. (AC +1, EV +1)
((You are camouflaged when in or above water. (Stealth+)))
You have tentacles for arms and can constrict up to eight enemies at once.


Message History

You see here a +0 spear.
Found a stone staircase leading down.
Health restored: 42; MP restored: 6
Found a stone staircase leading up.
A goblin comes into view. It is wielding a +0 club.
Found Zibriun's Antique Armour Emporium.
The goblin shouts!
You see here a glowing silvery potion.
You hit the goblin.
You kill the goblin!
No target in view!
w - a glowing silvery potion You now have 229 gold pieces (gained 7).
There is an entrance to Zibriun's Antique Armour Emporium here.
You see here a +0 club.
Found an escape hatch in the ceiling.
You now have 232 gold pieces (gained 3).
An endoplasm comes into view.
No target in view!
No target in view!
You now have 243 gold pieces (gained 11).
No target in view!
No target in view!
No target in view!
A hobgoblin comes into view.
The hobgoblin shouts!
You reach to attack!
You hit the hobgoblin. You puncture the hobgoblin!
You kill the hobgoblin!
No target in view!
x - a scroll of identify {@r1}
X - a ring of resist corrosion
X - a ring of resist corrosion (left tentacle)
As you read the scroll of identify {@r1}, it crumbles to dust.
u - a potion of curing;
J - a potion of curing
Found a stone staircase leading down.
A gnoll comes into view. It is wielding a +0 flail.
Found a stone staircase leading down.
You reach to attack!
You puncture the gnoll! You closely miss the gnoll. Your grab misses the gnoll.
A hobgoblin comes into view.
The gnoll misses you.
You closely miss the gnoll.
The hobgoblin shouts!
You grab the gnoll. You constrict the gnoll. The gnoll closely misses you.
A gnoll comes into view. It is wielding a +0 flail.
The gnoll shouts!
You puncture the gnoll!
You kill the gnoll!
You hear a shout!
You hear an angry hiss.
The hobgoblin throws a stone.
The stone misses you.
A gnoll comes into view. It is wielding a +0 halberd.
Things that are here:
a +0 flail; an emerald potion; a gnoll corpse An adder comes into view.
You reach to attack!
You hit the hobgoblin.
You kill the hobgoblin!
You reach to attack!
You puncture the gnoll! You closely miss the gnoll. You grab the gnoll.
You squeeze the gnoll.
You kill the gnoll!
You barely miss the adder. You grab the adder. You constrict the adder.
You block the adder's attack.
You hit the adder. You squeeze the adder!
You kill the adder!
The gnoll hits you from afar with a +0 halberd.
You take 2 damage, and have 40/42 hp.
You reach to attack!
You hit the gnoll but do no damage. You block the gnoll's attack.
You reach to attack!
You barely miss the gnoll. The gnoll closely misses you.
You reach to attack!
You barely miss the gnoll. You block the gnoll's attack.
You reach to attack!
You closely miss the gnoll. The gnoll closely misses you.
You reach to attack!
You hit the gnoll. The gnoll misses you.
You reach to attack!
You hit the gnoll.
The gnoll hits you from afar with a +0 halberd.
You take 5 damage, and have 36/42 hp.
You reach to attack!
You barely miss the gnoll.
The gnoll hits you from afar with a +0 halberd.
You take 5 damage, and have 31/42 hp.
You reach to attack!
You hit the gnoll.
The gnoll hits you from afar with a +0 halberd!
You take 14 damage, and have 17/42 hp.
MASSIVE DAMAGE!!
Reach: a) +0 trident
Press: ? - help, Dir - move target, f/p - gnoll
Aim: a gnoll, wielding a +0 halberd (heavily wounded, about 36% to evade your +0 trident)
You reach to attack!
You hit the gnoll.
The gnoll hits you from afar with a +0 halberd!
* * * LOW HITPOINT WARNING * * *
You take 14 damage, and have 3/42 hp.
MASSIVE DAMAGE!!
Unknown command.
Okay, then.
Okay, then.
The gnoll attacks as it pursues you! The gnoll completely misses you.
Things that are here:
a +0 flail; an emerald potion; a gnoll corpse The gnoll attacks as it pursues you!
The gnoll barely misses you. The gnoll attacks as it pursues you!
The gnoll hits you from afar with a +0 halberd!
You die...

........#.# ........).#
..........# .........##
.....>...#
............#
...........g#
.........#.#
#.#.########@# # #.#.##
##.#### ##.##.#..#
##.....##
.........#####.......##
## #.##...##.........#
.####.##.#..#.........#
......##.##...........#
......................#
..##.###.####.........#


You could see a gnoll.

Vanquished Creatures
  A sleepcap (D:4)
  11 gnolls
  5 adders
  4 worms
  4 dart slugs
  An orc (D:3)
  8 ball pythons
  6 bats
  8 endoplasms
  2 giant cockroaches (D:1)
  8 goblins
  12 hobgoblins
  5 kobolds
  2 quokkas
  6 frilled lizards
  6 rats
89 creatures vanquished.

Notes
Turn   | Place    | Note
-------+----------+-------------------------------------------
     0 | D:1      | sokol815 the Octopode Fighter began the quest for the Orb.
     0 | D:1      | Reached XP level 1. HP: 16/16 MP: 1/1
    64 | D:1      | Reached XP level 2. HP: 21/21 MP: 2/2
   176 | D:1      | Reached skill level 3 in Polearms
   255 | D:1      | Reached XP level 3. HP: 26/26 MP: 3/3
   663 | D:2      | Reached skill level 4 in Polearms
   682 | D:2      | Reached XP level 4. HP: 30/31 MP: 4/4
   949 | D:2      | Found Woimos Mesu's Book Boutique.
  1548 | D:3      | Reached skill level 5 in Polearms
  1549 | D:3      | Reached XP level 5. HP: 35/36 MP: 5/5
  2191 | D:4      | HP: 6/36 [sleepcap (4)]
  2355 | D:4      | Noticed Edmund
  2397 | D:3      | Reached skill level 6 in Polearms
  2406 | D:3      | Reached XP level 6. HP: 30/42 MP: 6/6
  2455 | D:4      | HP: 10/42 [gnoll/+2 antimagic halberd (5)]
  2645 | D:4      | Found Zibriun's Antique Armour Emporium.
  2819 | D:4      | HP: 3/42 [gnoll/+0 halberd (15)]
  2827 | D:4      | Slain by a gnoll

Illustrated notes

Levels and vault maps discovered:
D:1:      dpeg_arrival_ternary, layout_rooms
D:2:      minmay_general_purpose_star, layout_basic, serial_shops,
          nicolae_book_shop_shelving, minmay_3d_cube
D:3:      layout_loops_ring, minmay_fractal_squares_gapless_5
D:4:      layout_rooms, serial_shops, shop, minmay_statues_item,
          kennysheep_generic_room_5, uniq_edmund

Skill      XL: |  1  2  3  4  5 |
---------------+----------------+-----
Polearms       | 3 4 5 6 |  6.4
Fighting       | |  3.0
Dodging        | |  3.0
Shields        | |  3.0

Action                     |  1- 3 |  4- 6 || total
---------------------------+-------+-------++-------
  Melee: Trident           |    68 |   151 ||   219
         Constrict         |    15 |    28 ||    43
         Tentacles         |     8 |    15 ||    23
    Use: Scroll            |       |     8 ||     8
   Stab: Sleeping          |     8 |    11 ||    19
         Distracted        |     1 |     1 ||     2
 Armour: Skin              |    13 |    32 ||    45
  Dodge: Dodged            |    18 |    66 ||    84
  Block: Buckler           |     9 |    23 ||    32

Table legend: (Time is in decaauts)
 A = Elapsed time spent in this place.
 B = Non-inter-level travel time spent in this place.
 C = Inter-level travel time spent in this place.
 D = Time resting spent in this place.
 E = Time spent auto-exploring this place.
 F = Levels seen in this place.
 G = Mean time per level.
                   A        B        C        D        E       F      G
               +--------+--------+--------+--------+--------+-----+--------+
         Total |   2853 |   2794 |     59 |    265 |   1955 |   4 |  713.2 |
       Dungeon |   2853 |   2794 |     59 |    265 |   1955 |   4 |  713.2 |
               +--------+--------+--------+--------+--------+-----+--------+

Top non-repeatable levels by time:
     D:3: 1038 daAuts
     D:2: 879 daAuts
     D:1: 564 daAuts
     D:4: 371 daAuts

Levels and vault maps discovered:
D:1:      dpeg_arrival_ternary, layout_rooms
D:2:      minmay_general_purpose_star, layout_basic, serial_shops,
          nicolae_book_shop_shelving, minmay_3d_cube
D:3:      layout_loops_ring, minmay_fractal_squares_gapless_5
D:4:      layout_rooms, serial_shops, shop, minmay_statues_item,
          kennysheep_generic_room_5, uniq_edmund

Table legend: (Time is in decaauts)
 A = Elapsed time spent in this place.
 B = Non-inter-level travel time spent in this place.
 C = Inter-level travel time spent in this place.
 D = Time resting spent in this place.
 E = Time spent auto-exploring this place.
 F = Levels seen in this place.
 G = Mean time per level.
                   A        B        C        D        E       F      G
               +--------+--------+--------+--------+--------+-----+--------+
         Total |   2853 |   2794 |     59 |    265 |   1955 |   4 |  713.2 |
       Dungeon |   2853 |   2794 |     59 |    265 |   1955 |   4 |  713.2 |
               +--------+--------+--------+--------+--------+-----+--------+

Top non-repeatable levels by time:
     D:3: 1038 daAuts
     D:2: 879 daAuts
     D:1: 564 daAuts
     D:4: 371 daAuts

Table legend:
 A = Kills in this place as a percentage of kills in the entire game.
 B = Kills by you in this place as a percentage of kills by you in the entire game.
 C = Kills by friends in this place as a percentage of kills by friends in the entire game.
 D = Other kills in this place as a percentage of other kills in the entire game.
 E = Experience gained in this place as a percentage of experience gained in the entire game.
 F = Experience gained in this place divided by the number of levels of this place that you have seen.
                   A       B       C       D       E      F
               +-------+-------+-------+-------+-------+----------------------
         Total | 100.0 | 100.0 |   N/A |   N/A | 100.0 | 101.5
       Dungeon | 100.0 | 100.0 |   N/A |   N/A | 100.0 | 101.5
               +-------+-------+-------+-------+-------+----------------------
